Griffins vs Sewer Rats
Created - January 31, 2020 at 22:04
Goals
|
| Griffins |
4 |
0 |
2 |
6 |
| Sewer Rats |
5 |
1 |
1 |
7 |
|
Shots
|
| Griffins |
18 |
9 |
10 |
37 |
| Sewer Rats |
12 |
9 |
12 |
33 |
|
1st period
1. Griffins , Tye McGinn 32 (Marcus Pettersson 9, Petter Granberg 11) at 4:03
2. Sewer Rats , Mark Mancari 28 (Jonathan Marchessault 27, Tomas Tatar 16) at 6:25
3. Griffins , Dylan Larkin 18 (Ben Hanowski 18) at 9:03 (PP)
4. Sewer Rats , Daniel Carr 18 (Erik Condra 23, Joel Edmundson 20) at 9:19
5. Sewer Rats , Mark Mancari 29 (John Ramage 5, Tomas Tatar 17) at 14:22
6. Sewer Rats , Tomas Tatar 25 (Jonathan Marchessault 28, Mark Mancari 37) at 14:28
7. Sewer Rats , Anthony Duclair 4 (Jared McCann 6) at 15:36
8. Griffins , Marko Dano 19 (Tye McGinn 27) at 15:44
9. Griffins , Nathan Gerbe 10 (Brandon Pirri 14, Tye McGinn 28) at 17:10
Penalties :
Jonathan Marchessault (Tol) for Hooking (Minor) at 8:09
2nd period
10. Sewer Rats , Mark Mancari 30 (Tomas Tatar 18) at 19:17
Penalties :
Pavel Buchnevich (Cap) for Holding (Minor) at 8:05, Tyler Motte (Tol) for Cross-checking (Minor) at 10:33, Tye McGinn (Cap) for Hooking (Minor) at 15:45
3rd period
11. Griffins , Brandon Pirri 13 (Nathan Gerbe 17, Gord Baldwin 11) at 3:30
12. Griffins , Brendan Woods 13 (Rourke Chartier 6, Brandon Pirri 15) at 4:22
13. Sewer Rats , Daniel Carr 19 (Erik Condra 24, Tomas Tatar 19) at 15:24 (PP)
Penalties :
Joel Edmundson (Tol) for Slashing (Minor) at 4:25, Martin Frk (Tol) for High sticking (Minor) at 8:42, Marcus Pettersson (Cap) for Hooking (Minor) at 14:26
Goalie Stats
Olivier Roy (Cap), 4 saves from 8 shots - (0.500), 14:28 minutes
Marcus Hogberg (Cap), 22 saves from 25 shots - (0.880), L, 0-1-0, 44:18 minutes
Marek Mazanek (Tol), 31 saves from 37 shots - (0.838), W, 22-5-2, 60:00 minutes
Players Stats for Griffins
Player Name G A P +/- PIM S H SB GA TA FO MP PP MP PK MP
------------------------------------------------------------------------------------
Anton Slepyshev 0 0 0 -3 0 2 0 1 0 0 0/0 18:39 2:44 0:59
Ben Hanowski 0 1 1 -3 0 3 1 0 0 0 1/4 17:01 2:44 0:47
Brandon Pirri 1 2 3 1 0 4 0 0 3 0 1/1 12:29 0:00 1:21
Brendan Woods 1 0 1 -1 0 1 0 0 1 0 0/0 10:01 0:00 2:49
Dylan Larkin 1 0 1 -3 0 4 1 1 0 0 13/23 17:50 2:44 0:17
Gord Baldwin 0 1 1 2 0 0 0 0 1 0 0/0 17:04 0:00 2:48
Haydn Fleury 0 0 0 -5 0 0 1 0 0 1 0/0 21:10 0:00 2:48
Marcus Pettersson 0 1 1 2 2 1 1 2 0 0 0/0 15:51 4:34 0:00
Marko Dano 1 0 1 2 0 2 1 0 1 0 12/23 20:07 4:07 0:56
Mirco Mueller 0 0 0 1 0 1 0 0 0 2 0/0 9:48 0:00 2:08
Nathan Gerbe 1 1 2 1 0 5 0 0 0 1 5/7 11:55 0:00 0:54
Nicholas Baptiste 0 0 0 -1 0 0 2 0 1 1 0/0 7:12 0:00 0:00
Pavel Buchnevich 0 0 0 2 2 1 1 0 0 0 0/0 19:17 4:07 0:00
Petter Granberg 0 1 1 2 0 0 0 0 0 1 0/0 16:26 2:17 0:00
Phil Oreskovic 0 0 0 1 0 0 0 1 0 0 0/0 15:36 2:17 2:08
Rourke Chartier 0 1 1 -1 0 0 0 0 0 0 2/2 7:12 0:00 0:00
Simon Despres 0 0 0 -5 0 1 0 1 0 0 0/0 24:04 4:34 0:00
Sonny Milano 0 0 0 1 0 0 0 0 0 0 0/0 11:01 0:00 0:00
Tye McGinn 1 2 3 2 2 12 2 1 2 1 3/3 22:18 4:07 1:49
Players Stats for Sewer Rats
Player Name G A P +/- PIM S H SB GA TA FO MP PP MP PK MP
------------------------------------------------------------------------------------
Anthony Duclair 1 0 1 -1 0 3 0 3 2 0 0/1 11:20 0:00 1:15
Connor Carrick 0 0 0 0 0 1 0 1 0 1 0/0 11:06 0:00 0:35
Daniel Carr 2 0 2 0 0 5 1 0 0 1 0/0 17:10 2:15 2:21
Dmitrij Jaskin 0 0 0 0 0 1 1 0 0 0 0/0 7:20 0:00 0:00
Erik Condra 0 2 2 0 0 0 1 0 0 0 1/2 16:01 2:15 1:12
Jared McCann 0 1 1 -1 0 1 2 0 0 0 4/6 9:58 0:00 0:00
Jarred Tinordi 0 0 0 3 0 0 0 1 2 1 0/0 18:18 1:42 2:24
Joel Edmundson 0 1 1 3 2 0 3 4 2 1 0/0 18:27 1:42 1:37
John Ramage 0 1 1 0 0 1 0 1 0 1 0/0 10:31 0:00 0:00
Jonathan Marchessault 0 2 2 2 2 3 3 1 0 1 9/24 19:14 2:41 0:00
Jonathan Racine 0 0 0 0 0 0 0 0 0 0 0/0 5:22 0:00 0:00
Joseph Blandisi 0 0 0 0 0 0 2 0 0 0 0/0 7:39 0:00 0:19
Mark Mancari 3 1 4 2 0 11 0 0 0 3 4/9 24:02 2:41 3:57
Martin Frk 0 0 0 -1 2 0 0 1 0 0 1/2 10:16 0:00 0:00
Nick Cousins 0 0 0 0 0 1 1 0 0 0 6/16 16:03 2:15 0:29
Stefan Elliott 0 0 0 -2 0 1 0 2 0 0 0/0 25:49 3:14 4:27
Steven Kampfer 0 0 0 -2 0 0 5 2 1 0 0/0 25:49 3:14 4:27
Tomas Tatar 1 4 5 2 0 5 1 0 0 0 0/0 25:04 2:41 4:09
Tyler Motte 0 0 0 0 2 0 0 0 0 0 1/3 8:02 0:00 0:00
Xavier Ouellet 0 0 0 0 0 0 0 1 0 0 0/0 5:34 0:00 0:12
3 Stars
1 - Mark Mancari (Tol)
2 - Tomas Tatar (Tol)
3 - Tye McGinn (Cap)
Power Play
Griffins - 1 on 4 Attempt(s) - 25.00%
Sewer Rats - 1 on 3 Attempt(s) - 33.33%
Penalty Kill
Griffins - 2 on 3 Attempt(s) - 66.67%
- Score 0 goal in Penalty Kill
Sewer Rats - 3 on 4 Attempt(s) - 75.00%
- Score 0 goal in Penalty Kill
Team Stat
Griffins - Hits : 10 - Faceoff Wins : 37 - Blocked Shots : 7 - Penalty Minutes : 6
Sewer Rats - Hits : 20 - Faceoff Wins : 26 - Blocked Shots : 17 - Penalty Minutes : 8
Official
Referees : Unknown
Linesman : Unknown
Game Notes
6:25 of 1st period - Sewer Rats goal is going for a video replay. After video review, Goal.
Marcus Hogberg enters game at 14:28 of 1st period
Mark Mancari has scored a Hat Trick!
Finance
Level 1 -- Attendance: 1713 (85.65%) -- Ticket Income $59,955
Level 2 -- Attendance: 874 (87.40%) -- Ticket Income $14,858
Total Attendance: 2587 (86.23%)
Total Ticket Income: $74,813
Other Income: $3,741
Total Income: $78,554
Griffins
5 vs 5 Forward
Center Left Wing Right Wing Time % Phy DF OF
1 Marko Dano Tye McGinn Pavel Buchnevich 38 0 2 3
2 Dylan Larkin Anton Slepyshev Ben Hanowski 35 0 2 3
3 Nathan Gerbe Sonny Milano Brandon Pirri 17 0 2 3
4 Rourke Chartier Brendan Woods Nicholas Baptiste 10 0 2 3
5 vs 5 Defense
Defense Defense Time % Phy DF OF
1 Simon Despres Haydn Fleury 40 0 3 2
2 Marcus Pettersson Petter Granberg 30 0 3 2
3 Phil Oreskovic Gord Baldwin 20 0 3 2
4 Mirco Mueller Gord Baldwin 10 0 3 2
PowerPlay Forward
Center Left Wing Right Wing Time % Phy DF OF
1 Marko Dano Tye McGinn Pavel Buchnevich 60 0 1 4
2 Dylan Larkin Anton Slepyshev Ben Hanowski 40 0 1 4
PowerPlay Defense
Defense Defense Time % Phy DF OF
1 Simon Despres Marcus Pettersson 60 0 2 3
2 Phil Oreskovic Petter Granberg 40 0 2 3
Penalty Kill 4 Players Forward
Center Wing Time % Phy DF OF
1 Tye McGinn Brendan Woods 60 0 4 1
2 Marko Dano Ben Hanowski 40 0 4 1
Penalty Kill 4 Players Defense
Defense Defense Time % Phy DF OF
1 Gord Baldwin Haydn Fleury 60 1 2 2
2 Phil Oreskovic Mirco Mueller 40 1 2 2
Penalty Kill - 3 Players Forward
Forward Time % Phy DF OF
1 Brendan Woods 60 0 4 1
2 Ben Hanowski 40 0 4 1
Penalty Kill - 3 Players Defense
Defense Defense Time % Phy DF OF
1 Gord Baldwin Haydn Fleury 60 1 2 2
2 Phil Oreskovic Mirco Mueller 40 1 2 2
4 vs 4 Forward
Center Wing Time % Phy DF OF
1 Marko Dano Tye McGinn 60 0 2 3
2 Dylan Larkin Pavel Buchnevich 40 0 2 3
4 vs 4 Defense
Defense Defense Time % Phy DF OF
1 Gord Baldwin Petter Granberg 60 0 3 2
2 Marcus Pettersson Phil Oreskovic 40 0 3 2
Last Minutes Offensive
Center Left Wing Right Wing Defense Defense
Marko Dano Tye McGinn Pavel Buchnevich Marcus Pettersson Simon Despres
Last Minutes Defensive
Center Left Wing Right Wing Defense Defense
Marko Dano Brendan Woods Ben Hanowski Haydn Fleury Phil Oreskovic
Goaltenders
Starting : Olivier Roy
Backup : Marcus Hogberg
Extra Forwards
Normal : Marko Dano, Dylan Larkin, Nathan Gerbe - PP : Nathan Gerbe, Brandon Pirri - PK : Brandon Pirri
Extra Defensemen
Normal : Simon Despres, Marcus Pettersson, Haydn Fleury - PP : Haydn Fleury - PK : Petter Granberg, Marcus Pettersson
Penalty Shots
Dylan Larkin, Nathan Gerbe, Rourke Chartier, Sonny Milano, Marko Dano
Scratches
Vladislav Namestnikov (Healthy), Garrett Wilson (Healthy), Tanner Kero (Healthy), Greg McKegg (Healthy), Konrad Abeltshauser (Healthy)
Tomas Hyka (Healthy), Ian McCoshen (Healthy), Michael Bunting (Healthy), Danny Kristo (Healthy), Ryan Mantha (Healthy)
Jack Ramsey (Healthy), Hayden Hawkey (Healthy)
Sewer Rats
5 vs 5 Forward
Center Left Wing Right Wing Time % Phy DF OF
1 Jonathan Marchessault Tomas Tatar Mark Mancari 40 1 2 2
2 Nick Cousins Daniel Carr Erik Condra 30 1 2 2
3 Jared McCann Anthony Duclair Martin Frk 20 1 2 2
4 Tyler Motte Joseph Blandisi Dmitrij Jaskin 10 1 2 2
5 vs 5 Defense
Defense Defense Time % Phy DF OF
1 Stefan Elliott Steven Kampfer 40 1 2 2
2 Jarred Tinordi Joel Edmundson 30 1 2 2
3 John Ramage Connor Carrick 20 1 2 2
4 Xavier Ouellet Jonathan Racine 10 1 2 2
PowerPlay Forward
Center Left Wing Right Wing Time % Phy DF OF
1 Jonathan Marchessault Tomas Tatar Mark Mancari 60 1 2 2
2 Nick Cousins Daniel Carr Erik Condra 40 1 2 2
PowerPlay Defense
Defense Defense Time % Phy DF OF
1 Stefan Elliott Steven Kampfer 60 1 2 2
2 Jarred Tinordi Joel Edmundson 40 1 2 2
Penalty Kill 4 Players Forward
Center Wing Time % Phy DF OF
1 Mark Mancari Tomas Tatar 60 1 2 2
2 Erik Condra Daniel Carr 40 1 2 2
Penalty Kill 4 Players Defense
Defense Defense Time % Phy DF OF
1 Stefan Elliott Steven Kampfer 60 1 2 2
2 Jarred Tinordi Joel Edmundson 40 1 2 2
Penalty Kill - 3 Players Forward
Forward Time % Phy DF OF
1 Mark Mancari 60 1 2 2
2 Tomas Tatar 40 1 2 2
Penalty Kill - 3 Players Defense
Defense Defense Time % Phy DF OF
1 Stefan Elliott Steven Kampfer 60 1 2 2
2 Jarred Tinordi Joel Edmundson 40 1 2 2
4 vs 4 Forward
Center Wing Time % Phy DF OF
1 Mark Mancari Tomas Tatar 60 1 2 2
2 Erik Condra Daniel Carr 40 1 2 2
4 vs 4 Defense
Defense Defense Time % Phy DF OF
1 Stefan Elliott Steven Kampfer 60 1 2 2
2 Jarred Tinordi Joel Edmundson 40 1 2 2
Last Minutes Offensive
Center Left Wing Right Wing Defense Defense
Jonathan Marchessault Tomas Tatar Mark Mancari Stefan Elliott Steven Kampfer
Last Minutes Defensive
Center Left Wing Right Wing Defense Defense
Jonathan Marchessault Tomas Tatar Mark Mancari Stefan Elliott Steven Kampfer
Goaltenders
Starting : Marek Mazanek
Backup : Darcy Kuemper
Extra Forwards
Normal : Martin Frk, Dmitrij Jaskin, Anthony Duclair - PP : Martin Frk, Dmitrij Jaskin - PK : Anthony Duclair
Extra Defensemen
Normal : John Ramage, Connor Carrick, Xavier Ouellet - PP : John Ramage - PK : Connor Carrick, Xavier Ouellet
Penalty Shots
Mark Mancari, Tomas Tatar, Erik Condra, Daniel Carr, Jonathan Marchessault
Scratches
Vincent Trocheck (Healthy), Dominik Kubalik (Healthy), Ryan Murphy (Healthy), Josh Archibald (Healthy), Chris Calhan (Healthy)
Mark Friedman (Healthy), Michael Dal Colle (Healthy), Matteson Iacopelli (Healthy), Sergei Kostenko (Healthy), Antoine Bibeau (Healthy)
% Time on Ice - Griffins
Lines # - Real PCT - Wanted PCT - Time Play
Normal Forward
1 - 33% - 38% - 15:22
2 - 29% - 35% - 13:30
3 - 23% - 17% - 11:01
4 - 15% - 10% - 7:12
Normal Defense
1 - 39% - 40% - 18:22
2 - 31% - 30% - 14:27
3 - 17% - 20% - 8:02
4 - 13% - 10% - 6:14
PP Forward
1 - 60% - 60% - 4:07
2 - 40% - 40% - 2:44
PP Defense
1 - 67% - 60% - 4:34
2 - 33% - 40% - 2:17
PK Forward
1 - 84% - 60% - 4:09
2 - 16% - 40% - 0:47
PK Defense
1 - 57% - 60% - 2:48
2 - 43% - 40% - 2:08
PK3 Forward
1 - 0% - 60%
2 - 0% - 40%
PK3 Defense
1 - 0% - 60%
2 - 0% - 40%
44 Forward
1 - 0% - 60%
2 - 0% - 40%
44 Defense
1 - 0% - 60%
2 - 0% - 40%
Last Minute Offensive - 1:08
Last Minute Defensive - 0:00
Total
Forward - 60:00
Defense - 60:00
|
% Time on Ice - Sewer Rats
Lines # - Real PCT - Wanted PCT - Time Play
Normal Forward
1 - 37% - 40% - 17:14
2 - 27% - 30% - 12:34
3 - 21% - 20% - 9:58
4 - 16% - 10% - 7:20
Normal Defense
1 - 38% - 40% - 18:08
2 - 28% - 30% - 13:05
3 - 22% - 20% - 10:31
4 - 11% - 10% - 5:22
PP Forward
1 - 54% - 60% - 2:41
2 - 46% - 40% - 2:15
PP Defense
1 - 66% - 60% - 3:14
2 - 34% - 40% - 1:42
PK Forward
1 - 82% - 60% - 5:39
2 - 18% - 40% - 1:12
PK Defense
1 - 65% - 60% - 4:27
2 - 35% - 40% - 2:24
PK3 Forward
1 - 0% - 60%
2 - 0% - 40%
PK3 Defense
1 - 0% - 60%
2 - 0% - 40%
44 Forward
1 - 0% - 60%
2 - 0% - 40%
44 Defense
1 - 0% - 60%
2 - 0% - 40%
Last Minute Offensive - 0:00
Last Minute Defensive - 1:07
Total
Forward - 60:00
Defense - 60:00
|
Play-by-Play
1st period
0:01 of 1st period - Marko Dano wins face-off versus Jonathan Marchessault in neutral zone.
0:32 of 1st period - Snap shot by Erik Condra.
0:32 of 1st period - Shot Misses the Net.
0:38 of 1st period - Snap shot by Ben Hanowski.
0:38 of 1st period - Shot Blocked by Steven Kampfer.
1:08 of 1st period - Tyler Motte is hit by Nicholas Baptiste and loses puck.
1:18 of 1st period - Off-side.
1:19 of 1st period - Jonathan Marchessault wins face-off versus Dylan Larkin in neutral zone.
2:55 of 1st period - Snap shot by Jonathan Marchessault.
2:55 of 1st period - Stopped by Olivier Roy with a rebound.
2:57 of 1st period - Slapshot by Jarred Tinordi.
2:57 of 1st period - Shot Blocked by Simon Despres.
2:59 of 1st period - Slapshot by Jarred Tinordi.
2:59 of 1st period - Shot Misses the Net.
3:15 of 1st period - Off-side.
3:16 of 1st period - Jonathan Marchessault wins face-off versus Marko Dano in neutral zone.
3:53 of 1st period - Slapshot by Pavel Buchnevich.
3:53 of 1st period - Shot Blocked by Stefan Elliott.
3:55 of 1st period - Slapshot by Petter Granberg.
3:55 of 1st period - Shot Misses the Net.
3:57 of 1st period - Wrist shot by Tye McGinn.
3:57 of 1st period - Stopped by Marek Mazanek with a rebound.
4:03 of 1st period - Wrist shot by Tye McGinn.
4:03 of 1st period - Goal by Tye McGinn - Griffins : 1 - Sewer Rats : 0.
4:04 of 1st period - Erik Condra wins face-off versus Dylan Larkin in neutral zone.
4:20 of 1st period - Wrist shot by Anton Slepyshev.
4:20 of 1st period - Stopped by Marek Mazanek with a rebound.
5:32 of 1st period - Marcus Pettersson is hit by Erik Condra and loses puck.
5:59 of 1st period - Haydn Fleury is hit by Jared McCann and loses puck.
6:11 of 1st period - Icing by Haydn Fleury.
6:12 of 1st period - Rourke Chartier wins face-off versus Jonathan Marchessault in Griffins zone.
6:21 of 1st period - Snap shot by Mark Mancari.
6:21 of 1st period - Stopped by Olivier Roy with a rebound.
6:23 of 1st period - Wrist shot by Jonathan Marchessault.
6:23 of 1st period - Shot Misses the Net.
6:25 of 1st period - Slapshot by Mark Mancari.
6:25 of 1st period - Sewer Rats goal is going for a video replay.
6:25 of 1st period - The goal is good.
6:25 of 1st period - Goal by Mark Mancari - Griffins : 1 - Sewer Rats : 1.
6:26 of 1st period - Dylan Larkin wins face-off versus Nick Cousins in neutral zone.
6:39 of 1st period - Anton Slepyshev is hit by Nick Cousins and loses puck.
6:52 of 1st period - Marko Dano is hit by Jonathan Marchessault.
6:56 of 1st period - Slapshot by Mark Mancari.
6:56 of 1st period - Shot Misses the Net.
7:12 of 1st period - Snap shot by Nathan Gerbe.
7:12 of 1st period - Shot Misses the Net.
7:14 of 1st period - Snap shot by Gord Baldwin.
7:14 of 1st period - Deflect By Nathan Gerbe.
7:14 of 1st period - Stopped by Marek Mazanek without a rebound.
7:15 of 1st period - Jared McCann wins face-off versus Nathan Gerbe in Sewer Rats zone.
7:26 of 1st period - Wrist shot by Nathan Gerbe.
7:26 of 1st period - Shot Blocked by Anthony Duclair.
7:41 of 1st period - Snap shot by Anthony Duclair.
7:41 of 1st period - Shot Misses the Net.
7:44 of 1st period - Icing by Nathan Gerbe.
7:45 of 1st period - Nathan Gerbe wins face-off versus Jonathan Marchessault in Griffins zone.
8:02 of 1st period - Wrist shot by Brandon Pirri.
8:02 of 1st period - Stopped by Marek Mazanek with a rebound.
8:04 of 1st period - Wrist shot by Sonny Milano.
8:04 of 1st period - Shot Blocked by Steven Kampfer.
8:09 of 1st period - Minor Penalty to Jonathan Marchessault for Hooking.
8:10 of 1st period - Marko Dano wins face-off versus Mark Mancari in Sewer Rats zone.
8:12 of 1st period - Wrist shot by Tye McGinn.
8:12 of 1st period - Stopped by Marek Mazanek with a rebound.
8:14 of 1st period - Slapshot by Marcus Pettersson.
8:14 of 1st period - Stopped by Marek Mazanek with a rebound.
8:16 of 1st period - Slapshot by Simon Despres.
8:16 of 1st period - Stopped by Marek Mazanek without a rebound.
8:17 of 1st period - Mark Mancari wins face-off versus Marko Dano in Sewer Rats zone.
8:51 of 1st period - Wrist shot by Tye McGinn.
8:51 of 1st period - Stopped by Marek Mazanek without a rebound.
8:52 of 1st period - Dylan Larkin wins face-off versus Mark Mancari in Sewer Rats zone.
9:03 of 1st period - Wrist shot by Dylan Larkin.
9:03 of 1st period - Goal by Dylan Larkin - Griffins : 2 - Sewer Rats : 1.
9:04 of 1st period - Dylan Larkin wins face-off versus Nick Cousins in neutral zone.
9:09 of 1st period - Wrist shot by Ben Hanowski.
9:09 of 1st period - Shot Blocked by Joel Edmundson.
9:17 of 1st period - Snap shot by Erik Condra.
9:17 of 1st period - Shot Misses the Net.
9:19 of 1st period - Snap shot by Daniel Carr.
9:19 of 1st period - Goal by Daniel Carr - Griffins : 2 - Sewer Rats : 2.
9:20 of 1st period - Marko Dano wins face-off versus Jonathan Marchessault in neutral zone.
9:54 of 1st period - Marcus Pettersson is hit by Joseph Blandisi and loses puck.
10:11 of 1st period - Slapshot by Daniel Carr.
10:11 of 1st period - Stopped by Olivier Roy with a rebound.
10:28 of 1st period - Off-side.
10:29 of 1st period - Nathan Gerbe wins face-off versus Anthony Duclair in neutral zone.
10:32 of 1st period - Snap shot by Sonny Milano.
10:32 of 1st period - Shot Misses the Net.
10:45 of 1st period - Wrist shot by Anthony Duclair.
10:45 of 1st period - Shot Blocked by Phil Oreskovic.
11:03 of 1st period - Phil Oreskovic is hit by Joel Edmundson and loses puck.
11:14 of 1st period - Phil Oreskovic is hit by Joseph Blandisi and loses puck.
11:33 of 1st period - Snap shot by Tye McGinn.
11:33 of 1st period - Stopped by Marek Mazanek without a rebound.
11:34 of 1st period - Dylan Larkin wins face-off versus Nick Cousins in Sewer Rats zone.
12:01 of 1st period - Mark Mancari is hit by Nicholas Baptiste and loses puck.
12:24 of 1st period - Snap shot by Nathan Gerbe.
12:24 of 1st period - Shot Misses the Net.
12:40 of 1st period - Joel Edmundson is hit by Tye McGinn and loses puck.
13:05 of 1st period - Dylan Larkin is hit by Steven Kampfer and loses puck.
13:58 of 1st period - Snap shot by Erik Condra.
13:58 of 1st period - Shot Misses the Net.
14:08 of 1st period - Snap shot by Nathan Gerbe.
14:08 of 1st period - Stopped by Marek Mazanek without a rebound.
14:09 of 1st period - Jonathan Marchessault wins face-off versus Dylan Larkin in Sewer Rats zone.
14:18 of 1st period - Slapshot by Mark Mancari.
14:18 of 1st period - Shot Misses the Net.
14:20 of 1st period - Slapshot by John Ramage.
14:20 of 1st period - Stopped by Olivier Roy with a rebound.
14:22 of 1st period - Wrist shot by Mark Mancari.
14:22 of 1st period - Goal by Mark Mancari - Griffins : 2 - Sewer Rats : 3.
14:23 of 1st period - Jonathan Marchessault wins face-off versus Dylan Larkin in neutral zone.
14:28 of 1st period - Slapshot by Tomas Tatar.
14:28 of 1st period - Goal by Tomas Tatar - Griffins : 2 - Sewer Rats : 4.
14:28 of 1st period - Marcus Hogberg enters game.
14:29 of 1st period - Dylan Larkin wins face-off versus Jonathan Marchessault in neutral zone.
14:36 of 1st period - Slapshot by Ben Hanowski.
14:36 of 1st period - Deflect By Dylan Larkin.
14:36 of 1st period - Stopped by Marek Mazanek with a rebound.
14:38 of 1st period - Snap shot by Anton Slepyshev.
14:38 of 1st period - Stopped by Marek Mazanek without a rebound.
14:39 of 1st period - Jonathan Marchessault wins face-off versus Dylan Larkin in Sewer Rats zone.
15:05 of 1st period - Off-side.
15:06 of 1st period - Marko Dano wins face-off versus Nick Cousins in neutral zone.
15:36 of 1st period - Snap shot by Anthony Duclair.
15:36 of 1st period - Goal by Anthony Duclair - Griffins : 2 - Sewer Rats : 5.
15:37 of 1st period - Marko Dano wins face-off versus Jonathan Marchessault in neutral zone.
15:40 of 1st period - Snap shot by Pavel Buchnevich.
15:40 of 1st period - Stopped by Marek Mazanek without a rebound.
15:41 of 1st period - Marko Dano wins face-off versus Mark Mancari in Sewer Rats zone.
15:44 of 1st period - Snap shot by Marko Dano.
15:44 of 1st period - Goal by Marko Dano - Griffins : 3 - Sewer Rats : 5.
15:45 of 1st period - Jonathan Marchessault wins face-off versus Marko Dano in neutral zone.
16:03 of 1st period - Icing by Jarred Tinordi.
16:04 of 1st period - Dylan Larkin wins face-off versus Jonathan Marchessault in Sewer Rats zone.
16:11 of 1st period - Slapshot by Dylan Larkin.
16:11 of 1st period - Shot Misses the Net.
16:13 of 1st period - Snap shot by Anton Slepyshev.
16:13 of 1st period - Deflect By Ben Hanowski.
16:13 of 1st period - Shot Misses the Net.
16:13 of 1st period - Puck is out of play.
16:14 of 1st period - Dylan Larkin wins face-off versus Nick Cousins in Sewer Rats zone.
17:06 of 1st period - Snap shot by Tye McGinn.
17:06 of 1st period - Shot Blocked by John Ramage.
17:08 of 1st period - Wrist shot by Brandon Pirri.
17:08 of 1st period - Shot Misses the Net.
17:10 of 1st period - Snap shot by Nathan Gerbe.
17:10 of 1st period - Goal by Nathan Gerbe - Griffins : 4 - Sewer Rats : 5.
17:11 of 1st period - Marko Dano wins face-off versus Nick Cousins in neutral zone.
17:36 of 1st period - Haydn Fleury is hit by Jonathan Marchessault and loses puck.
18:07 of 1st period - Snap shot by Anthony Duclair.
18:07 of 1st period - Stopped by Marcus Hogberg without a rebound.
18:08 of 1st period - Marko Dano wins face-off versus Nick Cousins in Griffins zone.
18:35 of 1st period - Snap shot by Jonathan Marchessault.
18:35 of 1st period - Stopped by Marcus Hogberg without a rebound.
18:36 of 1st period - Dylan Larkin wins face-off versus Jonathan Marchessault in Griffins zone.
18:43 of 1st period - Snap shot by Dylan Larkin.
18:43 of 1st period - Stopped by Marek Mazanek with a rebound.
18:55 of 1st period - Snap shot by Jonathan Marchessault.
18:55 of 1st period - Stopped by Marcus Hogberg with a rebound.
19:17 of 1st period - Marcus Pettersson is hit by Joel Edmundson and loses puck.
Goals for this period are 4 for Griffins vs 5 for Sewer Rats.
Shots for this period are 18 for Griffins vs 12 for Sewer Rats.
2nd period
0:01 of 2nd period - Marko Dano wins face-off versus Nick Cousins in neutral zone.
0:03 of 2nd period - Off-side.
0:04 of 2nd period - Nick Cousins wins face-off versus Marko Dano in neutral zone.
0:34 of 2nd period - Snap shot by Dmitrij Jaskin.
0:34 of 2nd period - Shot Misses the Net.
0:43 of 2nd period - Off-side.
0:44 of 2nd period - Jared McCann wins face-off versus Ben Hanowski in neutral zone.
1:33 of 2nd period - Nick Cousins is hit by Marcus Pettersson and loses puck.
2:15 of 2nd period - Snap shot by Anthony Duclair.
2:15 of 2nd period - Stopped by Marcus Hogberg with a rebound.
2:59 of 2nd period - Daniel Carr is hit by Marko Dano and loses puck.
3:20 of 2nd period - Brendan Woods is hit by Dmitrij Jaskin and loses puck.
4:05 of 2nd period - Snap shot by Mark Mancari.
4:05 of 2nd period - Stopped by Marcus Hogberg without a rebound.
4:06 of 2nd period - Nathan Gerbe wins face-off versus Jonathan Marchessault in Griffins zone.
4:13 of 2nd period - Snap shot by Mark Mancari.
4:13 of 2nd period - Deflect By Tomas Tatar.
4:13 of 2nd period - Stopped by Marcus Hogberg with a rebound.
4:15 of 2nd period - Snap shot by Mark Mancari.
4:15 of 2nd period - Stopped by Marcus Hogberg with a rebound.
4:17 of 2nd period - Slapshot by Connor Carrick.
4:17 of 2nd period - Shot Blocked by Marcus Pettersson.
4:32 of 2nd period - Petter Granberg is hit by Daniel Carr and loses puck.
4:37 of 2nd period - Wrist shot by Daniel Carr.
4:37 of 2nd period - Stopped by Marcus Hogberg without a rebound.
4:38 of 2nd period - Nick Cousins wins face-off versus Marko Dano in Griffins zone.
5:04 of 2nd period - Mark Mancari is hit by Ben Hanowski.
5:31 of 2nd period - Wrist shot by Brendan Woods.
5:31 of 2nd period - Shot Blocked by Anthony Duclair.
6:22 of 2nd period - Icing by Tyler Motte.
6:23 of 2nd period - Ben Hanowski wins face-off versus Tyler Motte in Sewer Rats zone.
6:58 of 2nd period - Wrist shot by Pavel Buchnevich.
6:58 of 2nd period - Shot Misses the Net.
7:20 of 2nd period - Snap shot by Tomas Tatar.
7:20 of 2nd period - Shot Misses the Net.
7:22 of 2nd period - Snap shot by Jonathan Marchessault.
7:22 of 2nd period - Deflect By Tomas Tatar.
7:22 of 2nd period - Shot Misses the Net.
7:22 of 2nd period - Puck is out of play.
7:23 of 2nd period - Dylan Larkin wins face-off versus Jared McCann in Griffins zone.
7:30 of 2nd period - Slapshot by Ben Hanowski.
7:30 of 2nd period - Shot Blocked by Stefan Elliott.
7:36 of 2nd period - Stefan Elliott is hit by Dylan Larkin and loses puck.
7:58 of 2nd period - Haydn Fleury is hit by Steven Kampfer and loses puck.
8:05 of 2nd period - Minor Penalty to Pavel Buchnevich for Holding.
8:06 of 2nd period - Tye McGinn wins face-off versus Jonathan Marchessault in Griffins zone.
8:31 of 2nd period - Gord Baldwin is hit by Steven Kampfer and loses puck.
9:04 of 2nd period - Mirco Mueller is hit by Joel Edmundson.
9:11 of 2nd period - Icing by Jarred Tinordi.
9:12 of 2nd period - Tye McGinn wins face-off versus Nick Cousins in Sewer Rats zone.
9:16 of 2nd period - Wrist shot by Brandon Pirri.
9:16 of 2nd period - Stopped by Marek Mazanek with a rebound.
10:05 of 2nd period - Penalty to Pavel Buchnevich is over, Pavel Buchnevich is back on ice.
10:11 of 2nd period - Off-side.
10:12 of 2nd period - Tyler Motte wins face-off versus Dylan Larkin in neutral zone.
10:17 of 2nd period - Wrist shot by Dmitrij Jaskin.
10:17 of 2nd period - Stopped by Marcus Hogberg with a rebound.
10:33 of 2nd period - Minor Penalty to Tyler Motte for Cross-checking.
10:34 of 2nd period - Marko Dano wins face-off versus Mark Mancari in Sewer Rats zone.
10:59 of 2nd period - Simon Despres is hit by Tomas Tatar and loses puck.
11:10 of 2nd period - Stefan Elliott is hit by Pavel Buchnevich and loses puck.
12:33 of 2nd period - Penalty to Tyler Motte is over, Tyler Motte is back on ice.
13:11 of 2nd period - Slapshot by Nathan Gerbe.
13:11 of 2nd period - Shot Blocked by Joel Edmundson.
13:13 of 2nd period - Slapshot by Mirco Mueller.
13:13 of 2nd period - Shot Blocked by Jarred Tinordi.
13:15 of 2nd period - Slapshot by Mirco Mueller.
13:15 of 2nd period - Stopped by Marek Mazanek without a rebound.
13:16 of 2nd period - Dylan Larkin wins face-off versus Jared McCann in Sewer Rats zone.
15:10 of 2nd period - Wrist shot by Nathan Gerbe.
15:10 of 2nd period - Deflect By Stefan Elliott.
15:10 of 2nd period - Shot Misses the Net.
15:10 of 2nd period - Puck is out of play.
15:11 of 2nd period - Marko Dano wins face-off versus Nick Cousins in Sewer Rats zone.
15:12 of 2nd period - Snap shot by Tye McGinn.
15:12 of 2nd period - Stopped by Marek Mazanek without a rebound.
15:13 of 2nd period - Nick Cousins wins face-off versus Marko Dano in Sewer Rats zone.
15:22 of 2nd period - Slapshot by Erik Condra.
15:22 of 2nd period - Deflect By Daniel Carr.
15:22 of 2nd period - Deflect By Pavel Buchnevich.
15:22 of 2nd period - Shot Misses the Net.
15:22 of 2nd period - Puck is out of play.
15:23 of 2nd period - Jonathan Marchessault wins face-off versus Marko Dano in Griffins zone.
15:35 of 2nd period - Wrist shot by Tomas Tatar.
15:35 of 2nd period - Stopped by Marcus Hogberg with a rebound.
15:37 of 2nd period - Wrist shot by Mark Mancari.
15:37 of 2nd period - Deflect By Tomas Tatar.
15:37 of 2nd period - Stopped by Marcus Hogberg with a rebound.
15:39 of 2nd period - Slapshot by Stefan Elliott.
15:39 of 2nd period - Shot Misses the Net.
15:45 of 2nd period - Minor Penalty to Tye McGinn for Hooking.
15:46 of 2nd period - Brandon Pirri wins face-off versus Jonathan Marchessault in Griffins zone.
17:14 of 2nd period - Haydn Fleury is hit by Steven Kampfer and loses puck.
17:45 of 2nd period - Penalty to Tye McGinn is over, Tye McGinn is back on ice.
18:11 of 2nd period - Snap shot by Tye McGinn.
18:11 of 2nd period - Stopped by Marek Mazanek with a rebound.
18:13 of 2nd period - Snap shot by Tye McGinn.
18:13 of 2nd period - Stopped by Marek Mazanek with a rebound.
18:21 of 2nd period - Wrist shot by Tye McGinn.
18:21 of 2nd period - Stopped by Marek Mazanek with a rebound.
18:25 of 2nd period - Wrist shot by Dylan Larkin.
18:25 of 2nd period - Deflect By Tye McGinn.
18:25 of 2nd period - Stopped by Marek Mazanek with a rebound.
18:45 of 2nd period - Snap shot by Dylan Larkin.
18:45 of 2nd period - Stopped by Marek Mazanek with a rebound.
19:01 of 2nd period - Snap shot by Dylan Larkin.
19:01 of 2nd period - Shot Blocked by Connor Carrick.
19:03 of 2nd period - Snap shot by Tye McGinn.
19:03 of 2nd period - Stopped by Marek Mazanek without a rebound.
19:04 of 2nd period - Nathan Gerbe wins face-off versus Jonathan Marchessault in Sewer Rats zone.
19:17 of 2nd period - Wrist shot by Mark Mancari.
19:17 of 2nd period - Goal by Mark Mancari - Griffins : 4 - Sewer Rats : 6.
19:18 of 2nd period - Nathan Gerbe wins face-off versus Jonathan Marchessault in neutral zone.
Goals for this period are 0 for Griffins vs 1 for Sewer Rats.
Shots for this period are 9 for Griffins vs 9 for Sewer Rats.
3rd period
0:01 of 3rd period - Dylan Larkin wins face-off versus Mark Mancari in neutral zone.
0:26 of 3rd period - Steven Kampfer is hit by Tye McGinn and loses puck.
1:17 of 3rd period - Gord Baldwin is hit by Jonathan Marchessault and loses puck.
1:44 of 3rd period - Wrist shot by Jonathan Marchessault.
1:44 of 3rd period - Shot Blocked by Tye McGinn.
1:46 of 3rd period - Wrist shot by Tomas Tatar.
1:46 of 3rd period - Stopped by Marcus Hogberg with a rebound.
1:48 of 3rd period - Snap shot by Mark Mancari.
1:48 of 3rd period - Stopped by Marcus Hogberg with a rebound.
2:21 of 3rd period - Slapshot by Mark Mancari.
2:21 of 3rd period - Stopped by Marcus Hogberg with a rebound.
2:23 of 3rd period - Slapshot by John Ramage.
2:23 of 3rd period - Shot Blocked by Marcus Pettersson.
2:25 of 3rd period - Wrist shot by Mark Mancari.
2:25 of 3rd period - Stopped by Marcus Hogberg with a rebound.
2:27 of 3rd period - Snap shot by Mark Mancari.
2:27 of 3rd period - Stopped by Marcus Hogberg with a rebound.
2:29 of 3rd period - Slapshot by Connor Carrick.
2:29 of 3rd period - Deflect By Tye McGinn.
2:29 of 3rd period - Stopped by Marcus Hogberg without a rebound.
2:30 of 3rd period - Nick Cousins wins face-off versus Dylan Larkin in Griffins zone.
2:39 of 3rd period - Wrist shot by Nick Cousins.
2:39 of 3rd period - Stopped by Marcus Hogberg without a rebound.
2:40 of 3rd period - Nick Cousins wins face-off versus Ben Hanowski in Griffins zone.
3:14 of 3rd period - Wrist shot by Erik Condra.
3:14 of 3rd period - Shot Blocked by Dylan Larkin.
3:16 of 3rd period - Slapshot by Steven Kampfer.
3:16 of 3rd period - Deflect By Nick Cousins.
3:16 of 3rd period - Shot Misses the Net.
3:16 of 3rd period - Puck is out of play.
3:17 of 3rd period - Jared McCann wins face-off versus Nathan Gerbe in Griffins zone.
3:28 of 3rd period - Wrist shot by Brandon Pirri.
3:28 of 3rd period - Stopped by Marek Mazanek with a rebound.
3:30 of 3rd period - Snap shot by Brandon Pirri.
3:30 of 3rd period - Goal by Brandon Pirri - Griffins : 5 - Sewer Rats : 6.
3:31 of 3rd period - Dylan Larkin wins face-off versus Jonathan Marchessault in neutral zone.
4:03 of 3rd period - Snap shot by Gord Baldwin.
4:03 of 3rd period - Deflect By Tye McGinn.
4:03 of 3rd period - Stopped by Marek Mazanek with a rebound.
4:22 of 3rd period - Snap shot by Brendan Woods.
4:22 of 3rd period - Goal by Brendan Woods - Griffins : 6 - Sewer Rats : 6.
4:23 of 3rd period - Jonathan Marchessault wins face-off versus Dylan Larkin in neutral zone.
4:25 of 3rd period - Minor Penalty to Joel Edmundson for Slashing.
4:26 of 3rd period - Mark Mancari wins face-off versus Marko Dano in Sewer Rats zone.
6:25 of 3rd period - Penalty to Joel Edmundson is over, Joel Edmundson is back on ice.
7:15 of 3rd period - Rourke Chartier is hit by Steven Kampfer.
7:47 of 3rd period - Snap shot by Ben Hanowski.
7:47 of 3rd period - Stopped by Marek Mazanek without a rebound.
7:48 of 3rd period - Rourke Chartier wins face-off versus Tyler Motte in Sewer Rats zone.
7:59 of 3rd period - Wrist shot by Rourke Chartier.
7:59 of 3rd period - Shot Blocked by Xavier Ouellet.
8:11 of 3rd period - Brandon Pirri is hit by Jared McCann.
8:37 of 3rd period - Snap shot by Dylan Larkin.
8:37 of 3rd period - Deflect By Anton Slepyshev.
8:37 of 3rd period - Shot Blocked by Martin Frk.
8:37 of 3rd period - Puck is out of play.
8:38 of 3rd period - Dylan Larkin wins face-off versus Martin Frk in Sewer Rats zone.
8:39 of 3rd period - Snap shot by Ben Hanowski.
8:39 of 3rd period - Stopped by Marek Mazanek without a rebound.
8:40 of 3rd period - Martin Frk wins face-off versus Ben Hanowski in Sewer Rats zone.
8:42 of 3rd period - Minor Penalty to Martin Frk for High sticking.
8:43 of 3rd period - Mark Mancari wins face-off versus Marko Dano in Sewer Rats zone.
9:19 of 3rd period - Slapshot by Simon Despres.
9:19 of 3rd period - Deflect By Ben Hanowski.
9:19 of 3rd period - Shot Misses the Net.
9:19 of 3rd period - Puck is out of play.
9:20 of 3rd period - Marko Dano wins face-off versus Erik Condra in Sewer Rats zone.
10:42 of 3rd period - Penalty to Martin Frk is over, Martin Frk is back on ice.
11:38 of 3rd period - Snap shot by Erik Condra.
11:38 of 3rd period - Shot Misses the Net.
11:40 of 3rd period - Slapshot by Connor Carrick.
11:40 of 3rd period - Deflect By Daniel Carr.
11:40 of 3rd period - Stopped by Marcus Hogberg with a rebound.
11:42 of 3rd period - Snap shot by John Ramage.
11:42 of 3rd period - Shot Blocked by Anton Slepyshev.
11:44 of 3rd period - Snap shot by Daniel Carr.
11:44 of 3rd period - Shot Misses the Net.
11:54 of 3rd period - Martin Frk is hit by Haydn Fleury and loses puck.
12:01 of 3rd period - Backhand shot by Brandon Pirri.
12:01 of 3rd period - Shot Misses the Net.
12:03 of 3rd period - Snap shot by Brandon Pirri.
12:03 of 3rd period - Shot Misses the Net.
12:05 of 3rd period - Snap shot by Nathan Gerbe.
12:05 of 3rd period - Stopped by Marek Mazanek without a rebound.
12:06 of 3rd period - Mark Mancari wins face-off versus Marko Dano in Sewer Rats zone.
12:41 of 3rd period - Wrist shot by Anthony Duclair.
12:41 of 3rd period - Shot Misses the Net.
12:43 of 3rd period - Wrist shot by Jared McCann.
12:43 of 3rd period - Stopped by Marcus Hogberg with a rebound.
13:01 of 3rd period - Snap shot by Ben Hanowski.
13:01 of 3rd period - Stopped by Marek Mazanek with a rebound.
13:03 of 3rd period - Slapshot by Gord Baldwin.
13:03 of 3rd period - Shot Blocked by Joel Edmundson.
13:17 of 3rd period - Wrist shot by Nathan Gerbe.
13:17 of 3rd period - Shot Misses the Net.
13:19 of 3rd period - Slapshot by Haydn Fleury.
13:19 of 3rd period - Deflect By Nathan Gerbe.
13:19 of 3rd period - Stopped by Marek Mazanek without a rebound.
13:20 of 3rd period - Jonathan Marchessault wins face-off versus Dylan Larkin in Sewer Rats zone.
14:26 of 3rd period - Minor Penalty to Marcus Pettersson for Hooking.
14:27 of 3rd period - Tye McGinn wins face-off versus Jonathan Marchessault in Griffins zone.
15:24 of 3rd period - Slapshot by Daniel Carr.
15:24 of 3rd period - Goal by Daniel Carr - Griffins : 6 - Sewer Rats : 7.
15:25 of 3rd period - Jared McCann wins face-off versus Marko Dano in neutral zone.
15:36 of 3rd period - Slapshot by Tye McGinn.
15:36 of 3rd period - Shot Blocked by Anthony Duclair.
15:38 of 3rd period - Wrist shot by Tye McGinn.
15:38 of 3rd period - Shot Blocked by Joel Edmundson.
16:32 of 3rd period - Snap shot by Mark Mancari.
16:32 of 3rd period - Stopped by Marcus Hogberg with a rebound.
16:34 of 3rd period - Wrist shot by Stefan Elliott.
16:34 of 3rd period - Stopped by Marcus Hogberg with a rebound.
17:06 of 3rd period - Slapshot by Anton Slepyshev.
17:06 of 3rd period - Deflect By Steven Kampfer.
17:06 of 3rd period - Shot Misses the Net.
17:06 of 3rd period - Puck is out of play.
17:07 of 3rd period - Nick Cousins wins face-off versus Dylan Larkin in Sewer Rats zone.
18:46 of 3rd period - Griffins, Marcus Hogberg is pulled from the net.
19:38 of 3rd period - Snap shot by Marko Dano.
19:38 of 3rd period - Stopped by Marek Mazanek with a rebound.
19:40 of 3rd period - Wrist shot by Simon Despres.
19:40 of 3rd period - Shot Blocked by Jonathan Marchessault.
Goals for this period are 2 for Griffins vs 1 for Sewer Rats.
Shots for this period are 10 for Griffins vs 12 for Sewer Rats.
Back to the Top